TOP OF THE 1ST |
Niagara Falls Phantoms batting - Pitching for Hamilton Cardinals : LHP J.T. Ready
|
Pitching: LHP J.T. Ready
|
|
Batting: RHB Alfredo Mendez
|
0-0: Called Strike 0-1: Foul Ball, location: 2F 0-2: Strikes out swinging
|
Batting: SHB Bruce Shelton
|
0-0: Ball 1-0: Ball 2-0: Called Strike 2-1: Foul Ball, location: 2F 2-2: Strikes out looking
|
Batting: RHB Jonathan Feldstein
|
0-0: Fly out, F8 (Flyball, 8LD, EV 96.9 MPH)
|
Top of the 1st over - 0 runs, 0 hits, 0 errors, 0 left on base; Niagara Falls 0 - Hamilton 0 |
BOTTOM OF THE 1ST |
Hamilton Cardinals batting - Pitching for Niagara Falls Phantoms : RHP Tim Berberich
|
Pitching: RHP Tim Berberich
|
|
Batting: RHB Dan Wages
|
0-0: Ball 1-0: Called Strike 1-1: Fly out, F8 (Flyball, 89M, EV 88.8 MPH)
|
Batting: LHB Rafael Banda
|
0-0: Hit by Pitch
|
Pinch Runner at 1st Matt Shaw:
|
|
Batting: LHB Pete Mitchell
|
0-0: Ball 1-0: Ball 2-0: Fly out, F8 (Flyball, 8LS, EV 93.1 MPH)
|
Batting: SHB Kelly Brooks
|
0-0: Swinging Strike 0-1: Called Strike 0-2: Ball 1-2: Ball 2-2: Foul Ball, location: 2F 2-2: Foul Ball, location: 2F 2-2: Fly out, F7 (Flyball, 7S, EV 91.9 MPH)
|
Bottom of the 1st over - 0 runs, 0 hits, 0 errors, 1 left on base; Niagara Falls 0 - Hamilton 0 |
TOP OF THE 2ND |
Niagara Falls Phantoms batting - Pitching for Hamilton Cardinals : LHP J.T. Ready
|
Now in CF: Edgar Klockow
|
|
Batting: RHB Scott Cuff
|
0-0: Ball 1-0: Called Strike 1-1: Ball 2-1: Ball 3-1: Foul Ball, location: 2F 3-2: Strikes out swinging
|
Batting: LHB Luis Ponce
|
0-0: Swinging Strike 0-1: Ball 1-1: Called Strike 1-2: Ball 2-2: Strikes out swinging
|
Batting: RHB Jim O'Dwyer
|
0-0: Ball 1-0: Called Strike 1-1: Swinging Strike 1-2: Strikes out swinging
|
Top of the 2nd over - 0 runs, 0 hits, 0 errors, 0 left on base; Niagara Falls 0 - Hamilton 0 |
BOTTOM OF THE 2ND |
Hamilton Cardinals batting - Pitching for Niagara Falls Phantoms : RHP Tim Berberich
|
Batting: RHB David Snyder
|
0-0: Ball 1-0: Ground out 5-3 (Groundball, 5S, EV 78.1 MPH)
|
Batting: RHB Oscar Higareda
|
0-0: Ball 1-0: Ground out 4-3 (Groundball, 4, EV 82.5 MPH)
|
Batting: SHB J.T. Ready
|
0-0: Called Strike 0-1: Ball 1-1: Swinging Strike 1-2: Strikes out swinging
|
Bottom of the 2nd over - 0 runs, 0 hits, 0 errors, 0 left on base; Niagara Falls 0 - Hamilton 0 |
TOP OF THE 3RD |
Niagara Falls Phantoms batting - Pitching for Hamilton Cardinals : LHP J.T. Ready
|
Batting: LHB Victor Reyna
|
0-0: Ball 1-0: Ball 2-0: Called Strike 2-1: Ball 3-1: Swinging Strike 3-2: Strikes out swinging
|
Batting: RHB Greg Oxford
|
0-0: Ball 1-0: Called Strike 1-1: Swinging Strike 1-2: Ball 2-2: Ball 3-2: Strikes out swinging
|
Batting: RHB Juan Perez
|
0-0: Ball 1-0: Called Strike 1-1: Swinging Strike 1-2: Ball 2-2: Foul Ball, location: 2F 2-2: Strikes out swinging
|
Top of the 3rd over - 0 runs, 0 hits, 0 errors, 0 left on base; Niagara Falls 0 - Hamilton 0 |
BOTTOM OF THE 3RD |
Hamilton Cardinals batting - Pitching for Niagara Falls Phantoms : RHP Tim Berberich
|
Batting: SHB Brad Meyer
|
0-0: Called Strike 0-1: Called Strike 0-2: Strikes out swinging
|
Batting: SHB Felipe Campanella
|
0-0: Ball 1-0: Ball 2-0: Called Strike 2-1: SINGLE (Line Drive, 9S, EV 104.4 MPH)
|
Batting: RHB Dan Wages
|
0-0: Called Strike Felipe Campanella steals 2nd, throwing error, E2 Felipe Campanella to third 0-1: Ball 1-1: Swinging Strike 1-2: Fly out, F7 (Flyball, 7D, EV 99.4 MPH) Runner from 3rd tags up, SCORES, no throw by LF
|
Batting: RHB Edgar Klockow
|
0-0: Ball 1-0: SINGLE (Line Drive, 78M, EV 102.5 MPH)
|
Batting: LHB Pete Mitchell
|
0-0: Ball 1-0: Ball 2-0: Ball 3-0: Called Strike 3-1: Called Strike 3-2: Fly out, F9 (Flyball, 89S, EV 93.8 MPH)
|
Bottom of the 3rd over - 1 run, 2 hits, 1 error, 1 left on base; Niagara Falls 0 - Hamilton 1 |
TOP OF THE 4TH |
Niagara Falls Phantoms batting - Pitching for Hamilton Cardinals : LHP J.T. Ready
|
Batting: RHB Alfredo Mendez
|
0-0: Ball 1-0: Foul Ball, location: 2F 1-1: Ball 2-1: SINGLE (Line Drive, 4MD, EV 93.8 MPH)
|
Batting: SHB Bruce Shelton
|
0-0: Ball 1-0: Foul Ball, location: 2F 1-1: Called Strike Alfredo Mendez steals 2nd base 1-2: Strikes out looking
|
Batting: RHB Jonathan Feldstein
|
0-0: Ball 1-0: Fly out, F9 (Flyball, 9, EV 91.2 MPH) Runner from 2nd tags up, SAFE at 3rd with throw by RF
|
Batting: RHB Scott Cuff
|
0-0: Swinging Strike 0-1: Foul Ball, location: 2F 0-2: Ball 1-2: Foul Ball, location: 2F 1-2: Ball 2-2: Strikes out swinging
|
Top of the 4th over - 0 runs, 1 hit, 0 errors, 1 left on base; Niagara Falls 0 - Hamilton 1 |
BOTTOM OF THE 4TH |
Hamilton Cardinals batting - Pitching for Niagara Falls Phantoms : RHP Tim Berberich
|
Batting: SHB Kelly Brooks
|
0-0: Ball 1-0: Ball 2-0: Ball 3-0: Base on Balls
|
Batting: RHB David Snyder
|
0-0: Foul Ball, location: 2F 0-1: Foul Ball, location: 2F 0-2: Grounds into double play, 6-4-3 (Groundball, 6S, EV 89.4 MPH)
|
Batting: RHB Oscar Higareda
|
0-0: Ground out 4-3 (Groundball, 4, EV 104.4 MPH)
|
Bottom of the 4th over - 0 runs, 0 hits, 0 errors, 0 left on base; Niagara Falls 0 - Hamilton 1 |
TOP OF THE 5TH |
Niagara Falls Phantoms batting - Pitching for Hamilton Cardinals : LHP J.T. Ready
|
Batting: LHB Luis Ponce
|
0-0: Ball 1-0: Ball 2-0: Called Strike 2-1: Foul Ball, location: 2F 2-2: Ball 3-2: Strikes out swinging, 2-3 out at first.
|
Batting: RHB Jim O'Dwyer
|
0-0: Ball 1-0: Foul Ball, location: 2F 1-1: Called Strike 1-2: Foul Ball, location: 2F 1-2: Ball 2-2: Strikes out swinging
|
Batting: LHB Victor Reyna
|
0-0: Foul Ball, location: 2F 0-1: Ball 1-1: Foul Ball, location: 2F 1-2: Ball 2-2: Strikes out swinging
|
Top of the 5th over - 0 runs, 0 hits, 0 errors, 0 left on base; Niagara Falls 0 - Hamilton 1 |
BOTTOM OF THE 5TH |
Hamilton Cardinals batting - Pitching for Niagara Falls Phantoms : RHP Tim Berberich
|
Batting: SHB J.T. Ready
|
0-0: Foul Ball, location: 2F 0-1: Foul Ball, location: 2F 0-2: Ball 1-2: Strikes out swinging
|
Batting: SHB Brad Meyer
|
0-0: Called Strike 0-1: Fly out, F8 (Flyball, 8RM, EV 86.2 MPH)
|
Batting: SHB Felipe Campanella
|
0-0: Called Strike 0-1: Foul Ball, location: 2F 0-2: Strikes out looking
|
Bottom of the 5th over - 0 runs, 0 hits, 0 errors, 0 left on base; Niagara Falls 0 - Hamilton 1 |
TOP OF THE 6TH |
Niagara Falls Phantoms batting - Pitching for Hamilton Cardinals : LHP J.T. Ready
|
Batting: RHB Greg Oxford
|
0-0: Swinging Strike 0-1: Ball 1-1: Foul Ball, location: 2F 1-2: Ball 2-2: Ball 3-2: Base on Balls
|
Pitching: RHP Daniel Boulter
|
|
Pinch Hitting: RHB Todd Wolters
|
0-0: Ball 1-0: Ball 2-0: Fly out, F9 (Flyball, 9, EV 88.8 MPH)
|
Batting: RHB Alfredo Mendez
|
0-0: Called Strike 0-1: Called Strike 0-2: Ball 1-2: Foul Ball, location: 2F 1-2: DOUBLE (Line Drive, 7LS, EV 108.8 MPH) Greg Oxford to third
|
Pinch Hitting: RHB Ben Underwood
|
0-0: Ball 1-0: Foul Ball, location: 2F 1-1: Foul Ball, location: 2F 1-2: Ball 2-2: Foul Ball, location: 2F 2-2: Strikes out looking
|
Batting: RHB Jonathan Feldstein
|
0-0: Ground out 5-3 (Groundball, 56, EV 85.6 MPH)
|
Top of the 6th over - 0 runs, 1 hit, 0 errors, 2 left on base; Niagara Falls 0 - Hamilton 1 |
BOTTOM OF THE 6TH |
Hamilton Cardinals batting - Pitching for Niagara Falls Phantoms : RHP Tim Berberich
|
Now at 2B: Todd Wolters
|
|
Now at SS: Brian Biordi
|
|
Batting: RHB Dan Wages
|
0-0: Ball 1-0: Ball 2-0: Foul Ball, location: 2F 2-1: Foul Ball, location: 2F 2-2: Fly out, F2 (Popup, 2RF, EV 90.0 MPH)
|
Batting: RHB Edgar Klockow
|
0-0: Foul Ball, location: 2F 0-1: Ball 1-1: Swinging Strike 1-2: Ball 2-2: Foul Ball, location: 2F 2-2: SOLO HOME RUN (Flyball, 7D, EV 93.8 MPH), Distance : 365 ft
|
Batting: LHB Pete Mitchell
|
0-0: Ball 1-0: Ball 2-0: Ball 3-0: Base on Balls
|
Batting: SHB Kelly Brooks
|
0-0: Ball 1-0: Swinging Strike 1-1: Foul Ball, location: 2F 1-2: Ball 2-2: Fielders Choice at 2nd, 4-6 (Groundball, 34, EV 88.8 MPH)
|
Batting: RHB David Snyder
|
0-0: Called Strike 0-1: Called Strike Pickoff Throw to First - Out! 1-3
|
Bottom of the 6th over - 1 run, 1 hit, 0 errors, 0 left on base; Niagara Falls 0 - Hamilton 2 |
TOP OF THE 7TH |
Niagara Falls Phantoms batting - Pitching for Hamilton Cardinals : RHP Daniel Boulter
|
Batting: RHB Scott Cuff
|
0-0: Ball 1-0: Ball 2-0: Ball 3-0: Called Strike 3-1: Fly out, F6 (Popup, 4MD, EV 48.1 MPH)
|
Batting: LHB Luis Ponce
|
0-0: Ball 1-0: Foul Ball, location: 2F 1-1: Foul Ball, location: 2F 1-2: Strikes out swinging
|
Batting: RHB Jim O'Dwyer
|
0-0: Foul Ball, location: 2F 0-1: Fly out, F7 (Flyball, 7, EV 86.9 MPH)
|
Top of the 7th over - 0 runs, 0 hits, 0 errors, 0 left on base; Niagara Falls 0 - Hamilton 2 |
BOTTOM OF THE 7TH |
Hamilton Cardinals batting - Pitching for Niagara Falls Phantoms : RHP Tim Berberich
|
Batting: RHB David Snyder
|
0-0: Ball 1-0: Foul Ball, location: 2F 1-1: Called Strike 1-2: Ball 2-2: Foul Ball, location: 2F 2-2: Foul Ball, location: 2F 2-2: Ball 3-2: Strikes out swinging
|
Batting: RHB Oscar Higareda
|
0-0: Foul Ball, location: 2F 0-1: Ball 1-1: Ball 2-1: SINGLE (Groundball, 34D, EV 100.6 MPH)
|
Batting: SHB J.T. Ready
|
0-0: Called Strike 0-1: Ball 1-1: Ball Passed Ball! Oscar Higareda to second 2-1: Intentional Walk
|
Batting: SHB Brad Meyer
|
0-0: Ball 1-0: Called Strike 1-1: Ball 2-1: Fly out, F6 (Popup, 4M, EV 56.2 MPH)
|
Batting: SHB Felipe Campanella
|
0-0: Foul Ball, location: 2F 0-1: Called Strike 0-2: Strikes out swinging
|
Bottom of the 7th over - 0 runs, 1 hit, 0 errors, 2 left on base; Niagara Falls 0 - Hamilton 2 |
TOP OF THE 8TH |
Niagara Falls Phantoms batting - Pitching for Hamilton Cardinals : RHP Daniel Boulter
|
Batting: LHB Victor Reyna
|
0-0: Ball 1-0: Ball 2-0: Ball 3-0: Called Strike 3-1: Base on Balls
|
Batting: RHB Greg Oxford
|
0-0: Swinging Strike 0-1: Swinging Strike 0-2: Strikes out looking
|
Batting: RHB Todd Wolters
|
0-0: Foul Ball, location: 2F 0-1: Called Strike 0-2: Strikes out swinging
|
Pinch Hitting: RHB Jose Villanueva
|
0-0: Called Strike 0-1: Ball 1-1: Ball 2-1: Swinging Strike 2-2: Ball 3-2: Strikes out swinging
|
Top of the 8th over - 0 runs, 0 hits, 0 errors, 1 left on base; Niagara Falls 0 - Hamilton 2 |
BOTTOM OF THE 8TH |
Hamilton Cardinals batting - Pitching for Niagara Falls Phantoms : RHP Tim Berberich
|
Now in CF: Hui Li
|
|
Batting: RHB Dan Wages
|
0-0: Fly out, F4 (Line Drive, 4M, EV 70.6 MPH)
|
Batting: RHB Edgar Klockow
|
0-0: Ball 1-0: Ground out 6-3 (Groundball, 6, EV 101.2 MPH)
|
Batting: LHB Pete Mitchell
|
0-0: Ball 1-0: Ball 2-0: Ball 3-0: Called Strike 3-1: Base on Balls
|
Pitching: RHP Javy Gonzalez
|
|
Batting: SHB Kelly Brooks
|
0-0: Called Strike Pickoff Throw to First - Out! 1-3
|
Bottom of the 8th over - 0 runs, 0 hits, 0 errors, 0 left on base; Niagara Falls 0 - Hamilton 2 |
TOP OF THE 9TH |
Niagara Falls Phantoms batting - Pitching for Hamilton Cardinals : RHP Daniel Boulter
|
Pitching: LHP Craig Soole
|
|
Batting: RHB Brian Biordi
|
0-0: Swinging Strike 0-1: Called Strike 0-2: Foul Ball, location: 2F 0-2: Ball 1-2: Ball 2-2: Fly out, F9 (Flyball, 9, EV 86.2 MPH)
|
Batting: RHB Jonathan Feldstein
|
0-0: Called Strike 0-1: Foul Ball, location: 2F 0-2: Ball 1-2: Foul Ball, location: 2F 1-2: Foul Ball, location: 2F 1-2: Strikes out swinging
|
Batting: RHB Scott Cuff
|
0-0: Called Strike 0-1: Ball 1-1: SOLO HOME RUN (Flyball, 9D, EV 95.0 MPH), Distance : 377 ft
|
Batting: LHB Luis Ponce
|
0-0: Ball 1-0: SINGLE (Line Drive, 8LS, EV 102.5 MPH)
|
Batting: RHB Jim O'Dwyer
|
0-0: Ball 1-0: Foul Ball, location: 2F 1-1: Swinging Strike 1-2: Foul Ball, location: 2F 1-2: Strikes out swinging
|
Top of the 9th over - 1 run, 2 hits, 0 errors, 1 left on base; Niagara Falls 1 - Hamilton 2 |
|